 Dungeon Crawl Stone Soup version 0.29-a0-271-gd4eb659eea (webtiles) character file.

Game seed: 10466793092435406749

10787 epen the Cleaver (level 11, -1/151 HPs)
             Began as a Minotaur Berserker on Mar 9, 2022.
             Was an Elder of Trog.
             Slain by a two-headed ogre simulacrum (15 damage)
             ... on level 11 of the Dungeon.
             The game lasted 00:15:40 (11808 turns).

epen the Cleaver (Minotaur Berserker)              Turns: 11808, Time: 00:15:40

Health: -1/151     AC:  8    Str: 26    XL:     11   Next: 40%
Magic:  10/10      EV: 16    Int:  8    God:    Trog [****..]
Gold:   370        SH:  0    Dex: 16    Spells: 10/10 levels left

rFire   . . .      SeeInvis .   d - +9 broad axe of Building Evisceration {vorpal, *Noise rElec Int+4}
rCold   . . .      Faith    .   (no shield)
rNeg    + . .      Spirit   .   J - +0 acid dragon scales
rPois   .          Reflect  .   (helmet restricted)
rElec   +          Harm     .   (no cloak)
rCorr   +          Rampage  .   (no gloves)
Will    .....                   (no boots)
Stlth   ..........              x - amulet of magic regeneration
HPRegen 0.35/turn               h - +6 ring of dexterity
MPRegen 0.52/turn               t - ring of positive energy

@: berserking, very quick
A: horns 2, retaliatory headbutt
a: Renounce Religion, Berserk, Trog's Hand, Brothers in Arms


You were on level 11 of the Dungeon.
You worshipped Trog.
Trog was greatly pleased with you.
You visited 1 branch of the dungeon, and saw 12 of its levels.

You collected 463 gold pieces.
You spent 93 gold pieces at shops.

Inventory:

Hand Weapons
 a - a +0 hand axe
 d - the +9 broad axe of Building Evisceration (weapon) {vorpal, *Noise rElec Int+4}
   (You took it off an orc wizard on level 9 of the Dungeon)

   It inflicts extra damage upon your enemies.
   Int:       It affects your intelligence (+4).
   rElec:     It insulates you from electricity.
   *Noise:    It may make noises in combat.
 r - a +1 battleaxe of electrocution
 u - a +4 mace
 O - a +0 war axe
Missiles
 w - 4 boomerangs (quivered)
 F - a throwing net
 S - 3 curare-tipped darts
Armour
 b - a +0 animal skin
 m - a +1 ring mail
 z - a +2 ring mail of willpower
 J - +0 acid dragon scales (worn)
 K - the +4 ring mail "Hatoyhirgh" {rPois Dex+5}
   (You found it on level 6 of the Dungeon)

   Dex:       It affects your dexterity (+5).
   rPois:     It protects you from poison.
 R - +0 steam dragon scales
Jewellery
 h - a +6 ring of dexterity (left hand)
 t - a ring of positive energy (right hand)
 x - an amulet of magic regeneration (around neck)
 E - an amulet of regeneration
 I - an amulet of faith
 L - a ring of flight
Wands
 y - a wand of acid (6)
 A - a wand of flame (18)
 H - a wand of iceblast (6)
Scrolls
 e - 2 scrolls of vulnerability
 f - 4 scrolls of teleportation
 i - 4 scrolls of fear
 j - a scroll of enchant armour
 s - 3 scrolls of amnesia
 M - a scroll of silence
Potions
 c - 14 potions of curing
 g - 4 potions of flight
 k - 3 potions of lignification
 l - 5 potions of mutation
 n - a potion of heal wounds
 o - a potion of cancellation {unknown}
 p - 2 potions of might
 q - 2 potions of attraction
 v - a potion of resistance {unknown}
 B - a potion of magic
 D - a potion of brilliance {unknown}
 G - 2 potions of haste
Miscellaneous
 Q - a piece from Xom's chessboard (15/15)


   Skills:
 + Level 10.5 Fighting
 * Level 13.9 Axes
 + Level 10.1 Armour
 + Level 9.2 Dodging


You had 10 spell levels left.
You didn't know any spells.
Your spell library was empty.

Dungeon Overview and Level Annotations

Branches:
Dungeon (12/15)            Temple (0/1) D:4            Lair (0/6) D:11
    Orc (0/2) D:11

Altars:
Zin

Shops:
D:2 *   D:4 ?   D:6 [   D:10 !

Portals:
Ice
Cave: D:11

Annotations:
D:5 3 runed translucent doors, namelastname112's ghost, novice DjWz


Innate Abilities, Weirdness & Mutations

You have a pair of horns on your head.
You reflexively headbutt those who attack you in melee.


Message History

The spriggan simulacrum barely misses you.
You furiously retaliate!
You headbutt the spriggan simulacrum.
You open the spriggan simulacrum like a pillowcase!!!
The spriggan simulacrum vaporises!
Trog accepts your kill.
A two-headed ogre simulacrum comes into view.
You slash the troll simulacrum!
Your broad axe of Building Evisceration calls out a warning!
The troll simulacrum is moderately damaged.
You hear an angry hiss.
You hear a roar!
The troll simulacrum bites you. The troll simulacrum freezes you!
The troll simulacrum completely misses you.
The troll simulacrum closely misses you.
You slice the troll simulacrum!!
The troll simulacrum vaporises!
Trog accepts your kill.
Found 10 gold pieces.
A komodo dragon comes into view.
Found a scroll of fear.
The komodo dragon hisses angrily.
You slash the two-headed ogre simulacrum!
You headbutt the two-headed ogre simulacrum!
The two-headed ogre simulacrum is severely damaged.
The two-headed ogre simulacrum misses you.
The two-headed ogre simulacrum hits you!
The two-headed ogre simulacrum freezes you!
You are too injured to fight recklessly!
You are too injured to fight recklessly!
You are too injured to fight recklessly!
You hit the two-headed ogre simulacrum.
Your broad axe of Building Evisceration says, "Ssh!
Did you hear that?"
The two-headed ogre simulacrum is almost destroyed.
You hit the komodo dragon. The komodo dragon bites you!!
* * * LOW HITPOINT WARNING * * *
A red film seems to cover your vision as you go berserk!
You feel yourself moving faster!
You feel mighty! The komodo dragon bites you!!
* * * LOW HITPOINT WARNING * * *
A basilisk comes into view.
The two-headed ogre simulacrum hits you!
You die...

,*,,****,,,* *,,,,,,,,,,** ****
,+,,*,,,,,** #..........* *
,*,,*,,,,,* #$.........* *
,*,,*,,,,,* #..........* *
,*,,*,,,,,* ##..........* *
,+,,*,,,,,* #..........?* *
,*,,***,,####.........,,* *****
,*+*****,......∩Z..#***** *,,,,
,*,,,,,,,l......@l.# *,,,,
**,,,,,,,..........# *,,,,
*,,,,**,,.#####....# *####**,,,,
*,,,,**,,,**,,#....####>...,,,,,,
**,,,**,,,,,,,#.............,****
**,,,**,,,,,,,#..............*
,,,,,,,,,,,,,,#..............*
**,,,,,,,,,,,,#..............*
**,,,**,,,**,.###+#..<.......*


You could see a komodo dragon, a basilisk and a two-headed ogre simulacrum.

Vanquished Creatures
  Snorg (D:12)
  Erolcha (D:12)
  A boulder beetle (D:12)
  A two-headed ogre (D:12)
  Pikel (D:4)
  A gargoyle (D:10)
  A komodo dragon (D:8)
  A troll (D:12)
  A hornet (D:10)
  4 wyverns
  15 yaks
  A vampire (D:10)
  A basilisk (D:11)
  A steam dragon (D:9)
  4 vampire mosquitoes (D:12)
  An acid dragon (D:6)
  5 water moccasins (D:11)
  2 ice beasts
  A sky beast (D:4)
  An orc warrior (D:8)
  An ogre (D:7)
  4 centaurs
  A phantom (D:5)
  4 lemures (D:4)
  4 bullfrogs
  A gnoll sergeant (D:10)
  2 scorpions (D:5)
  5 wights (D:10)
  6 killer bees (D:10)
  A jelly (D:8)
  4 hounds
  A gnoll shaman (D:5)
  An orc priest (D:6)
  3 iguanas
  Ijyb (D:5)
  Natasha (twice) (D:4)
  7 orc wizards
  A troll simulacrum (D:11)
  A spriggan simulacrum (D:11)
  6 adders
  10 gnolls
  A shadow imp (D:6)
  2 ufetubi
  A worm (D:3)
  2 dart slugs
  30 orcs
  4 ball pythons
  7 bats
  9 endoplasms
  2 giant cockroaches
  3 goblins
  6 hobgoblins
  11 jackals
  8 kobolds
  3 quokkas
  8 frilled lizards
  5 rats
213 creatures vanquished.

Vanquished Creatures (others)
  2 bushes (D:11)
  3 fungi (D:11)
  17 plants (D:11)
22 creatures vanquished.

Grand Total: 235 creatures vanquished

Notes
Turn   | Place    | Note
-------+----------+-------------------------------------------
     0 | D:1      | epen the Minotaur Berserker began the quest for the Orb.
     0 | D:1      | Reached XP level 1. HP: 19/19 MP: 0/0
    55 | D:1      | Reached XP level 2. HP: 14/27 MP: 1/1
   710 | D:1      | Reached skill level 4 in Axes
   827 | D:1      | Reached XP level 3. HP: 33/33 MP: 2/2
   833 | D:1      | Reached ** piety under Trog
  1056 | D:2      | Found Oduecsau's General Store.
  1076 | D:2      | Bought a potion of heal wounds for 55 gold pieces
  1891 | D:3      | Reached XP level 4. HP: 41/41 MP: 3/3
  2461 | D:3      | Found the +4 dagger "Morg" {pain, Will+ Int+5}
  2500 | D:3      | Reached XP level 5. HP: 47/47 MP: 4/4
  2580 | D:3      | Reached *** piety under Trog
  2598 | D:3      | Reached skill level 5 in Axes
  2825 | D:4      | Noticed a lemure
  2825 | D:4      | Noticed a lemure
  2825 | D:4      | Noticed Pikel
  2840 | D:4      | Killed a lemure
  2840 | D:4      | Noticed a lemure
  2846 | D:4      | Killed a lemure
  2854 | D:4      | Killed a lemure
  3104 | D:4      | Noticed a lemure
  3121 | D:4      | Killed a lemure
  3129 | D:4      | Killed Pikel
  3130 | D:4      | Reached skill level 5 in Fighting
  3130 | D:4      | Reached skill level 6 in Axes
  3130 | D:4      | Reached XP level 6. HP: 44/56 MP: 5/5
  3130 | D:4      | Reached XP level 7. HP: 47/61 MP: 6/6
  3294 | D:4      | Noticed Natasha
  3296 | D:4      | Killed Natasha
  3297 | D:4      | Reached skill level 5 in Armour
  3342 | D:4      | Noticed Natasha
  3351 | D:4      | Killed Natasha
  3528 | D:4      | Found a staircase to the Ecumenical Temple.
  3552 | D:4      | Reached skill level 7 in Axes
  4015 | D:4      | Found a glowing silver altar of Zin.
  4202 | D:4      | Found Fihatt's Magic Scroll Emporium.
  4209 | D:4      | Bought a scroll of fear for 38 gold pieces
  4322 | D:5      | Entered Level 5 of the Dungeon
  4523 | D:5      | Found a runed translucent gate.
  4523 | D:5      | Found a runed translucent gate.
  4523 | D:5      | Found a runed translucent gate.
  4523 | D:5      | Noticed namelastname112's ghost (novice DjWz)
  4733 | D:5      | Reached skill level 5 in Dodging
  4733 | D:5      | Reached XP level 8. HP: 70/70 MP: 7/7
  4737 | D:5      | Reached skill level 8 in Axes
  4788 | D:5      | Noticed Ijyb
  4797 | D:5      | Killed Ijyb
  5632 | D:6      | Found Ipnemmafe's Antique Armour Boutique.
  6218 | D:6      | Reached skill level 9 in Axes
  6253 | D:6      | Identified the +4 ring mail "Hatoyhirgh" {rPois Dex+5}
  6452 | D:7      | Identified the +4 scimitar "Xotoer" {venom, rElec Str+4
                  | Dex+3}
  6661 | D:7      | Reached XP level 9. HP: 79/79 MP: 8/8
  6669 | D:7      | Reached **** piety under Trog
  7028 | D:8      | Noticed a komodo dragon
  7037 | D:8      | Killed a komodo dragon
  7361 | D:8      | Reached skill level 10 in Axes
  8502 | D:9      | Reached skill level 11 in Axes
  8991 | D:9      | Identified the +9 broad axe of Building Evisceration
                  | {vorpal, *Noise rElec Int+4}
  9609 | D:10     | Entered Level 10 of the Dungeon
  9677 | D:10     | Reached XP level 10. HP: 72/90 MP: 9/9
  9909 | D:10     | Noticed a gargoyle
  9919 | D:10     | Killed a gargoyle
 10226 | D:10     | Found Osef's Distillery.
 10860 | D:10     | You fall into a shaft and drop 2 floors!
 10875 | D:12     | Noticed Erolcha
 10883 | D:12     | Killed Erolcha
 10884 | D:12     | Reached skill level 12 in Axes
 11292 | D:12     | Noticed a boulder beetle
 11307 | D:12     | Killed a boulder beetle
 11497 | D:12     | Reached skill level 13 in Axes
 11498 | D:12     | Noticed Snorg
 11501 | D:12     | Noticed a two-headed ogre
 11505 | D:12     | Killed Snorg
 11506 | D:12     | Reached XP level 11. HP: 91/99 MP: 10/10
 11510 | D:12     | Killed a two-headed ogre
 11511 | D:12     | Reached skill level 10 in Fighting
 11735 | D:11     | Found a staircase to the Lair.
 11763 | D:11     | Reached skill level 10 in Armour
 11791 | D:11     | Found a staircase to the Orcish Mines.
 11795 | D:11     | Found a frozen archway.
 11808 | D:11     | Slain by a two-headed ogre simulacrum

Illustrated notes

Levels and vault maps discovered:
D:1:      evilmike_arrival_rings, layout_rooms, minmay_small_reverse_x
D:2:      layout_loops_ring, serial_shops, nicolae_shop_trees
D:3:      layout_loops_ring
D:4:      layout_basic, mainiacjoe_overflow_boulevard,
          minmay_temple_entry_waves, serial_shops, nicolae_shop_statue_plus,
          grunt_ministairs_15, uniq_pikel, uniq_natasha
D:5:      layout_cave_pools, ebering_ghost_rock_garden, uniq_ijyb
D:6:      layout_rooms, serial_shops, nicolae_shop_trees, st_stairs_2
D:7:      layout_cave_pools
D:8:      layout_basic, minmay_misc_feat_room
D:9:      layout_loops_corners, fountainhead
D:10:     layout_layer_cave, serial_shops, shop_fountains,
          hellmonk_bongcloud_opening, uniq_josephine
D:11:     layout_gridville, minmay_lair_entry_grove, orc_0_dummy,
          portal_ice_cave_entry_ice_simulacra
D:12:     layout_irregular_city, uniq_kirke, uniq_erolcha, uniq_snorg

Skill      XL: |  1  2  3  4  5  6  7  8  9 10 11 |
---------------+----------------------------------+-----
Fighting       | 4 5 6 7 8 9 10 | 10.5
Armour         | 3 4 5 6 8 9 10 | 10.1
Axes           | 4 6 7 9 11 13 | 13.9
Dodging        | 3 4 5 6 7 8 9 |  9.2

Action                   |  1- 3 |  4- 6 |  7- 9 | 10-12 || total
-------------------------+-------+-------+-------+-------++-------
Melee: Hand axe          |    75 |       |       |       ||    75
       Headbutt          |    18 |    10 |    54 |    36 ||   118
       Mace              |     6 |    81 |   229 |       ||   316
       Punch             |     1 |       |     3 |     1 ||     5
       Battleaxe         |       |       |    10 |       ||    10
       Broad axe         |       |       |     7 |   119 ||   126
Invok: Berserk           |     1 |     2 |     6 |     3 ||    12
  Use: Scroll            |       |       |    15 |     6 ||    21
       Potion            |       |       |     1 |       ||     1
 Stab: Sleeping          |     1 |       |       |       ||     1
       Invisible         |       |       |     1 |       ||     1
Armor: Animal skin       |    13 |       |       |       ||    13
       Ring mail         |    15 |    25 |    69 |       ||   109
       Acid dragon scale |       |       |    16 |    29 ||    45
Dodge: Dodged            |    50 |    57 |   174 |    93 ||   374

Table legend: (Time is in decaauts)
 A = Elapsed time spent in this place.
 B = Non-inter-level travel time spent in this place.
 C = Inter-level travel time spent in this place.
 D = Time resting spent in this place.
 E = Time spent auto-exploring this place.
 F = Levels seen in this place.
 G = Mean time per level.
                   A        B        C        D        E       F      G
               +--------+--------+--------+--------+--------+-----+--------+
         Total |  11964 |  11682 |    282 |   3158 |   6940 |  12 |  997.0 |
       Dungeon |  11964 |  11682 |    282 |   3158 |   6940 |  12 |  997.0 |
               +--------+--------+--------+--------+--------+-----+--------+

Top non-repeatable levels by time:
     D:4: 1759 daAuts
     D:9: 1507 daAuts
    D:10: 1261 daAuts
     D:8: 1188 daAuts
     D:5: 1168 daAuts
     D:3: 1122 daAuts
     D:1: 1062 daAuts
    D:12: 819 daAuts
     D:6: 675 daAuts
     D:7: 638 daAuts
     D:2: 629 daAuts
    D:11: 132 daAuts
